 Dungeon Crawl Stone Soup version 0.28-a0-2-g643f2454ad (webtiles) character file.

Game seed: 6825713665762128060

41 solopath the Conjurer (level 3, -2/19 HPs)
             Began as a Deep Elf Conjurer on July 22, 2021.
             Slain by Robin (6 damage)
             ... on level 2 of the Dungeon.
             The game lasted 00:02:43 (1202 turns).

solopath the Conjurer (Deep Elf Conjurer)           Turns: 1202, Time: 00:02:44

Health: -2/19      AC:  2    Str:  4    XL:     3   Next: 32%
Magic:  6/10       EV: 12    Int: 23    God:
Gold:   24         SH:  0    Dex: 13    Spells: 6/9 levels left

rFire   . . .      SeeInvis .   b - +0 dagger (venom)
rCold   . . .      Faith    .   (no shield)
rNeg    . . .      Spirit   .   a - +0 robe
rPois   .          Reflect  .   (no helmet)
rElec   .          Harm     .   (no cloak)
rCorr   .          Rampage  .   (no gloves)
Will    .....                   (no boots)
Stlth   ++........              (no amulet)
HPRegen 0.06/turn               (no ring)
MPRegen 0.12/turn               (no ring)

@: no status effects
A: no striking features
a: no special abilities


You were on level 2 of the Dungeon.
You visited 1 branch of the dungeon, and saw 2 of its levels.

You collected 24 gold pieces.

Inventory:

Hand Weapons
 b - a +0 dagger of venom (weapon)
Armour
 a - a +0 robe (worn)
Scrolls
 c - a scroll of torment {unknown}
 e - a scroll of blinking {unknown}
 f - a scroll of holy word
Potions
 d - a potion of curing {unknown}


   Skills:
 - Level 2.4 Dodging
 + Level 3.2 Stealth
 + Level 3.5 Spellcasting
 * Level 5.1 Conjurations


You had 6 spell levels left.
You knew the following spells:

 Your Spells              Type           Power      Damage    Failure   Level
a - Magic Dart            Conj           100%       1d8       1%          1
b - Searing Ray           Conj           54%        3d5       1%          2

Your spell library contained the following spells:

 Spells                   Type           Power      Damage    Failure   Level
 Dazzling Flash           Conj/Hex       30%        N/A       12%         3
 Fulminant Prism          Conj/Hex       7%         3d7       36%         4
 Iskenderun's Mystic Bla  Conj/Tloc      15%        2d5       36%         4


Dungeon Overview and Level Annotations

Branches:
Dungeon (2/15)

Altars:
Wu Jian

Annotations:
D:2 Robin


Message History

Done exploring.
(D) Dungeon
Where to? (Enter - D:2, ? - help)
What level of the Dungeon? (default 1, ? - help)
You see here a jackal skeleton.
There is a stone staircase leading down here.
You climb downwards.
Level annotation: Robin
There is a stone staircase leading up here.
There is a stone staircase leading up here.
Aiming: Magic Dart (safe; 1% risk of failure)
Press: ? - help, Q - select action, (/) - cycle Shift-Dir - straight line, f - Robin
Aim: Robin, wielding a +0 spear, wearing a +0 animal skin and wearing a +0 helmet (wandering, hasn't noticed you, 100% to hit)
The magic dart hits Robin.
Robin is moderately wounded.
Robin hits you from afar with a +0 spear.
Aiming: Magic Dart (safe; 1% risk of failure)
Press: ? - help, Q - select action, (/) - cycle Shift-Dir - straight line, f/p - Robin
Aim: Robin, wielding a +0 spear, wearing a +0 animal skin and wearing a +0 helmet (moderately wounded, 100% to hit)
The magic dart hits Robin.
Robin is heavily wounded.
Robin barely misses you.
Aiming: Magic Dart (safe; 1% risk of failure)
Press: ? - help, Q - select action, (/) - cycle Shift-Dir - straight line, f/p - Robin
Aim: Robin, wielding a +0 spear, wearing a +0 animal skin and wearing a +0 helmet (heavily wounded, 100% to hit)
The magic dart hits the hobgoblin.
The hobgoblin is lightly wounded.
Robin roars a battlecry!
The hobgoblin goes into a battle-frenzy!
The hobgoblin hits you.
Aiming: Magic Dart (safe; 1% risk of failure)
Press: ? - help, Q - select action, (/) - cycle Shift-Dir - straight line, f/p - Robin
Aim: Robin, wielding a +0 spear, wearing a +0 animal skin and wearing a +0 helmet (heavily wounded, 100% to hit)
The magic dart hits the hobgoblin but does no damage.
The hobgoblin is lightly wounded.
Robin hits you from afar with a +0 spear.
The hobgoblin hits you.
* * * LOW HITPOINT WARNING * * *
Robin hits you from afar with a +0 spear.
You die... gg

#.#.# g# #+# #....
###### .# #.# ###.#
#....####g# #.# #.#
####......# #.#####.#
###)##########.##.....
#.).g........#.#......
#.<.g.#.#......#..._..
#....@..#.#....[......
#.#.#.#.#.#...##......
#.#.#.#.#.#...##.....#
#.#.#.#.#.#...##.#####
#...#.#.#.##..##.#
#..##.#.#.#...##.#
#.....#.#.#..#...#
#.......#.#..#.###
###########.####.#


You could see Robin and a hobgoblin (strong).

Vanquished Creatures
  2 dart slugs (D:1)
  2 ball pythons (D:1)
  3 endoplasms (D:1)
  A giant cockroach (D:1)
  8 goblins
  4 hobgoblins
  5 jackals (D:1)
  2 bats (D:1)
  A frilled lizard (D:1)
  A rat (D:1)
29 creatures vanquished.

Vanquished Creatures (others)
  A fungus (D:2)
1 creature vanquished.

Grand Total: 30 creatures vanquished

Notes
Turn   | Place    | Note
-------+----------+-------------------------------------------
     0 | D:1      | solopath the Deep Elf Conjurer began the quest for the Orb.
     0 | D:1      | Reached XP level 1. HP: 10/10 MP: 6/6
   181 | D:1      | Reached XP level 2. HP: 15/15 MP: 5/8
   400 | D:1      | Learned a level 2 spell: Searing Ray
   571 | D:1      | Reached skill level 5 in Conjurations
   687 | D:1      | Reached XP level 3. HP: 19/19 MP: 7/9
   911 | D:2      | Found an ornate altar of the Wu Jian Council.
  1061 | D:2      | Noticed Robin
  1202 | D:2      | Slain by Robin

Illustrated notes

Levels and vault maps discovered:
D:1:      heliophobic_arrival_battle_scene, layout_loops_cross,
          hangedman_abyss_or_decor_lesser_grid
D:2:      layout_basic, serial_shops, shop, ebering_ecumenical_altar_abandoned,
          basic_altar, uniq_crazy_yiuf_cottage, uniq_robin

Skill      XL: |  1  2 |
---------------+-------+-----
Stealth        | 3 |  3.2
Conjurations   | 5 |  5.1
Dodging        | |  2.4
Spellcasting   | |  3.5

Action                   || total
-------------------------++-------
Melee: Dagger            ||     1
 Cast: Magic Dart        ||    53
  Use: Scroll            ||     1
Armor: Robe              ||     3
Dodge: Dodged            ||     1

Table legend: (Time is in decaauts)
 A = Elapsed time spent in this place.
 B = Non-inter-level travel time spent in this place.
 C = Inter-level travel time spent in this place.
 D = Time resting spent in this place.
 E = Time spent auto-exploring this place.
 F = Levels seen in this place.
 G = Mean time per level.
                   A        B        C        D        E       F      G
               +--------+--------+--------+--------+--------+-----+--------+
         Total |   1201 |   1155 |     46 |    137 |    879 |   2 |  600.5 |
       Dungeon |   1201 |   1155 |     46 |    137 |    879 |   2 |  600.5 |
               +--------+--------+--------+--------+--------+-----+--------+

Top non-repeatable levels by time:
     D:1: 1013 daAuts
     D:2: 188 daAuts
